 Dungeon Crawl Stone Soup version 0.30-b1-2-g02819fbbbe (webtiles) character file.

Game seed: 14786978198479465799

11 Alarkh the Vexing (level 2, 0/31 HPs)
             Began as a Demonspawn Hexslinger on July 7, 2023.
             Succumbed to a kobold's poison
             ... on level 1 of the Dungeon.
             The game lasted 00:00:45 (196 turns).

Alarkh the Vexing (Demonspawn Hexslinger)            Turns: 196, Time: 00:00:46

Health: 0/31       AC: 21    Str: 10    XL:     2   Next: 13%
Magic:  3/3        EV:  2    Int: 14    God:
Gold:   30         SH:  0    Dex: 13    Spells: 2/3 levels left

rFire   . . .        a - +1 sling
rCold   . . .        (no shield)
rNeg    . . .        c - melded +0 robe
rPois   +            (helmet currently unavailable)
rElec   .            (cloak currently unavailable)
rCorr   .            (gloves currently unavailable)
SInv    .            (boots currently unavailable)
Will    .....        (no amulet)
Stlth   +            (no ring)
HPRegen 0.25/turn    (no ring)
MPRegen 0.08/turn

%: clarity
@: lethally poisoned (0 -> -3), tree-form
A: stationary, stasis, torment immunity, boosted hp, (weakness stinger 1),
(fangs 1), clarity, (sturdy frame 1)
a: no special abilities


You were on level 1 of the Dungeon.
You were a tree.
You visited 1 branch of the dungeon, and saw 1 of its levels.

You collected 30 gold pieces.

Inventory:

Hand Weapons
 a - a +1 sling (weapon)
Armour
 c - a +0 robe (melded)
Scrolls
 b - a scroll of poison


   Skills:
 - Level 1.0 Fighting
 + Level 2.6 Ranged Weapons
 - Level 1.7 Dodging
 - Level 1.0 Spellcasting
 - Level 3.0 Hexes


You had 2 spell levels left.
You knew the following spells:

 Your Spells              Type           Power      Damage    Failure   Level
a - Slow                  Hex            36%        N/A       8%          1

Your spell library contained the following spells:

 Spells                   Type           Power      Damage    Failure   Level
 Inner Flame              Hex/Fire       4%         N/A       38%         3
 Portal Projectile        Hex/Tloc       8%         N/A       38%         3
 Cause Fear               Hex            4%         N/A       58%         4


Dungeon Overview and Level Annotations

Branches:
Dungeon (1/15)

Altars:


Innate Abilities, Weirdness & Mutations

You are a tree.
Your roots penetrate the ground, keeping you stationary.
You cannot be teleported.
You are immune to unholy pain and torment.
Your maximum health is greatly increased.
Your equipment is partially melded.
((You have a small tail.))
((You have very sharp teeth.))
You possess an exceptional clarity of mind.
((Your movements are slightly less encumbered by armour. (ER -2)))


Message History

The sling bullet closely misses the kobold.
The kobold misses you.
The ball python bites you but does no damage.
The ball python grabs you. The ball python constricts you.
You shoot a sling bullet. The sling bullet hits the ball python.
The ball python is severely wounded.
The kobold hits you with a +2 short sword of venom.
You are poisoned.
The ball python barely misses you. The ball python constricts you.
You shoot a sling bullet.
The sling bullet completely misses the ball python.
You feel sick. The ball python barely misses you.
The ball python constricts you. The kobold barely misses you.
The ball python bites you. The ball python constricts you.
You shoot a sling bullet. The sling bullet hits the ball python.
You kill the ball python!
You feel sick.
The kobold hits you with a +2 short sword of venom. x2
* * * LOW HITPOINT WARNING * * *
You are lethally poisoned!
It was a potion of lignification.
You turn into a tree.
Your +0 robe melds into your body.
Your roots penetrate the ground.
* * * LOW HITPOINT WARNING * * *
You feel sick. The kobold hits you but does no damage.
You shoot a sling bullet. The sling bullet hits the kobold.
You kill the kobold!
* * * LOW HITPOINT WARNING * * *
You feel very sick.
It was a potion of mutation.
You feel extremely strange.
Your teeth lengthen and sharpen.
Your thoughts seem clearer.
You feel less encumbered by your armour.
* * * LOW HITPOINT WARNING * * *
You feel sick.
As you read the scroll labelled DYFIAR ANERYMI, it crumbles to dust.
The scroll dissolves into smoke.
It was a scroll of fog.
* * * LOW HITPOINT WARNING * * *
You feel sick.
You aren't carrying any potions.
Unknown command.
You die...

## ###. # #... .#
#...####.#
#.##........### #
#...>§§§§§..?.. .
#.....§§§§..... .
###♣###.# #.§§§§..#
###§###.#
####.###.#.##
#######............
###
#.................
... #
#.....P.P.....PP..
PP..#
#..♣♣♣P.P♣♣♣...♣♣♣
.. ♣P.# #.P♣ ♣P.P♣
♣...♣ ... ♣..#


There were no monsters in sight!

Vanquished Creatures
  2 ball pythons (D:1)
  A bat (D:1)
  2 goblins (D:1)
  2 hobgoblins (D:1)
  A kobold (D:1)
  A rat (D:1)
9 creatures vanquished.

Vanquished Creatures (others)
  7 plants (D:1)
7 creatures vanquished.

Grand Total: 16 creatures vanquished

Notes
Turn   | Place    | Note
-------+----------+-------------------------------------------
     0 | D:1      | Alarkh the Demonspawn Hexslinger began the quest for the
                  | Orb.
     0 | D:1      | Reached XP level 1. HP: 15/15 MP: 2/2
   159 | D:1      | Gained mutation: You have a small tail. [demonic ancestry]
   159 | D:1      | Reached XP level 2. HP: 21/21 MP: 3/3
   194 | D:1      | Gained mutation: You have very sharp teeth. [potion of
                  | mutation]
   194 | D:1      | Gained mutation: You possess an exceptional clarity of
                  | mind. [potion of mutation]
   194 | D:1      | Gained mutation: Your movements are slightly less
                  | encumbered by armour. (ER -2) [potion of mutation]
   195 | D:1      | HP: 1/31 [poisoned by a kobold]
   196 | D:1      | Succumbed to a kobold's poison

Illustrated notes

Levels and vault maps discovered:
D:1:      lemuel_arrival_lava_pool, layout_basic, kennysheep_boxes

Skill      XL: |  1 |
---------------+----+-----
Ranged Weapons | 2 |  2.6
Fighting       | |  1.0
Dodging        | |  1.7
Spellcasting   | |  1.0
Hexes          | |  3.0

Action                     || total
---------------------------++-------
   Fire: Sling             ||    33
    Use: Potion            ||     2
         Scroll            ||     1
 Armour: Robe              ||     5
         Skin              ||     1
  Dodge: Dodged            ||    13
